 Dungeon Sprint DCSS version 0.26-a0-690-gcb57259078 (webtiles) character file.

Game seed: 11265088262402544272

47411 mhtbhm the Hoplite (level 14, -1/149 HPs)
             Began as a Minotaur Fighter on Oct 23, 2020.
             Was the Champion of Okawaru.
             Slain by a stone giant (16 damage)
             ... in the Dungeon (Sprint IX: "|||||||||||||||||||||||||||||").
             The game lasted 00:08:58 (5029 turns).

mhtbhm the Hoplite (Minotaur Fighter)               Turns: 5029, Time: 00:08:58

Health: -1/149     AC: 24    Str: 25    XL:     14   Next: 8%
Magic:  15/15      EV: 13    Int:  5    God:    Okawaru [******]
Gold:   381        SH: 26    Dex: 11    Spells: 13/13 levels left

rFire    + . .     SeeInvis +   a - +6 long sword of Charity {freeze, rF+ rC++}
rCold    + + .     Faith    +   c - +1 tower shield
rNeg     . . .     Spirit   .   b - +3 chain mail {MR+}
rPois    +         Reflect  .   u - +0 hat {SInv}
rElec    .         Harm     .   B - scarf {shadows}
rCorr    .         Rampage  .   n - +1 pair of gloves
MR       ++...     NoTele   +   m - +1 pair of boots
Stlth    +.........             i - amulet of faith
HPRegen  0.34/turn              o - +2 ring of protection
MPRegen  0.14/turn              x - ring of poison resistance

@: no status effects
A: retaliatory headbutt, horns 2
a: Heroism, Finesse, Renounce Religion


You were in the Dungeon.
You worshipped Okawaru.
Okawaru was exalted by your worship.
You visited 1 branch You collected 1939 gold pieces.
You spent 1558 gold pieces at shops.

Inventory:

Hand Weapons
 a - the +6 long sword of Charity (weapon) {freeze, rF+ rC++}
   (You found it in the Dungeon)

   It has been specially enchanted to freeze those struck by it, causing extra
   injury to most foes and up to half again as much damage against particularly
   susceptible opponents.
   It can also slow down cold-blooded creatures.
   It protects you from fire.
   It greatly protects you from cold.
Armour
 b - a +3 chain mail of magic resistance (worn)
 c - a +1 tower shield (worn)
 m - a +1 pair of boots (worn)
 n - a +1 pair of gloves (worn)
 u - a +0 hat of see invisible (worn)
 B - a scarf of shadows (worn)
Jewellery
 i - an amulet of faith (around neck)
 o - a +2 ring of protection (left hand)
 w - an uncursed ring of protection from cold
 x - a ring of poison resistance (right hand)
 y - an uncursed ring of positive energy
Scrolls
 j - 3 scrolls of blinking
 k - 2 scrolls of remove curse
 l - 2 scrolls of amnesia
 s - a scroll of fear
 t - 4 scrolls of enchant armour
 v - 4 scrolls of fog
 z - a scroll of identify
Potions
 d - a potion of berserk rage
 e - 4 potions of curing
 f - 9 potions of heal wounds
 g - 2 potions of haste
 h - 4 potions of magic
 p - a potion of might
 q - a potion of brilliance
 r - 2 potions of stabbing
 A - a potion of degeneration {unknown}


   Skills:
 + Level 20.6 Fighting
 + Level 21.4 Long Blades
 + Level 16.3 Armour
 + Level 11.2 Dodging
 + Level 8.1 Stealth
 + Level 23.3 Shields
 + Level 3.7 Invocations
   Level 3.1 Evocations


You had 13 spell levels left.
You didn't know any spells.
Your spell library was empty.

Dungeon Overview and Level Annotations

Branches:
Dungeon (1/1)

Altars:
Cheibriados
Dithmenos
Elyvilon
Fedhas
Gozag
Hepliaklqana
Kikubaaqudgha
Makhleb
Nemelex Xobeh
Okawaru
Qazlal
Ru
Sif Muna
Trog
Uskayaw
Vehumet
Wu Jian
Xom
Yredelemnul
Zin
The Shining One
Beogh
Jiyva
Lugonu

Shops:
D (=![


Innate Abilities, Weirdness & Mutations

You reflexively headbutt those who attack you in melee.
You have a pair of horns on your head.


Message History

There is an open door to the Dungeon, spattered with blood here.
Items here: )) ††.
You slash the stone giant! You freeze the stone giant.
The stone giant is lightly wounded.
The stone giant hits you but does no damage.
You hit the stone giant. You freeze the stone giant.
The stone giant is lightly wounded.
The stone giant hits you but does no damage.
You hit the stone giant. You freeze the stone giant.
The stone giant is moderately wounded.
You slash the stone giant! You freeze the stone giant.
You headbutt the stone giant, but do no damage.
The stone giant is moderately wounded.
The stone giant hits you!
* * * LOW HITPOINT WARNING * * *
You barely miss the stone giant.
The stone giant is moderately wounded.
The orb spider changes into a polar bear!
The stone giant hits you!
You die...

.▓.▓.▓.▓[▓.♣'♣.▓
.▓.▓.▓.▓[▓.▓.▓.▓
.▓.▓.▓.▓.▓.▓.▓.▓Q▓
.▓.▓)▓.▓)▓.▓.▓.▓Q▓
†▓.▓.▓.▓)▓.▓.▓.▓c▓
.▓.▓(▓.▓)▓.▓.▓.▓C▓
.▓.▓)▓.▓)▓.▓(▓.▓h▓
.▓.▓)▓.▓)▓.▓)▓.▓C▓
.▓.▓)▓.▓)▓.▓(▓.▓@▓
.▓.▓)▓.▓)▓.▓.▓.▓(▓
)▓.▓)▓.▓)▓.▓)▓.▓.▓
(▓.▓)▓.▓.▓.▓.▓.▓.▓
(▓.▓)▓.▓=▓.▓.▓.▓.▓
.▓.▓.▓.▓.▓.▓.▓.▓.▓
.▓.▓.▓.▓.▓.▓.▓.▓.▓
.▓.▓.▓.▓.▓.▓.▓.▓.▓
.▓.▓.▓.▓'▓.▓.▓.▓.▓


You could see 2 stone giants, a tengu reaver, a tengu warrior, a polar bear
shaped shifter and a yaktaur.

Vanquished Creatures
  Agnes (D)
  Gastronok (D)
  2 frost giants (D)
  An emperor scorpion (D)
  2 stone giants (D)
  A very ugly thing (D)
  2 dire elephants (D)
  An ettin (D)
  2 merfolk impalers (D)
  An ice dragon (D)
  2 naga warriors (D)
  2 hydras (D)
  2 shambling mangroves (D)
  A rakshasa (D)
  An anaconda (D)
  An alligator (D)
  2 ogre magi (D)
  A deep troll earth mage (D)
  A merfolk avatar (D)
  Nergalle (D)
  An unseen horror (D)
  A salamander mystic (D)
  12 orc knights (D)
  A harpy (D)
  A wolf spider (D)
  An ugly thing (D)
  5 orc sorcerers (D)
  A mana viper (D)
  A cyclops (D)
  2 manticores (D)
  A salamander (D)
  6 elephants (D)
  3 black mambas (D)
  3 cane toads (D)
  A water nymph (D)
  A guardian serpent (D)
  A yaktaur (D)
  A komodo dragon (D)
  A rime drake (D)
  A demonic crawler (D)
  4 jumping spiders (D)
  A troll (D)
  5 hornets (D)
  A wind drake (D)
  A meliai (D)
  A dream sheep (D)
  2 slime creatures (D)
  A blink frog (D)
  A snapping turtle (D)
  A wyvern (D)
  Eustachio (D)
  A tarantella (D)
  2 spriggans (D)
  Grum (D)
  3 yaks (D)
  A vampire mosquito (D)
  A warg (shapeshifter) (D)
  3 water moccasins (D)
  6 orc warriors (D)
  A necrophage (D)
  2 phantoms (D)
  A boggart (D)
  An ogre (D)
  5 wolves (D)
  A centaur (D)
  A big kobold (D)
  2 bullfrogs (D)
  A howler monkey (D)
  A hound (D)
  An orc priest (D)
  A jelly (D)
  2 orc wizards (D)
  2 leopard geckos (D)
  10 orcs (D)
  A bat zombie (D)
  3 hobgoblins (D)
  A quokka (D)
  A ball python (D)
  A frilled lizard (D)
  A leopard gecko zombie (D)
  A rat (D)
151 creatures vanquished.

Notes
Turn   | Place    | Note
-------+----------+-------------------------------------------
     0 | D        | mhtbhm the Minotaur Fighter began the quest for the Orb.
     0 | D        | Reached XP level 1. HP: 19/19 MP: 0/0
    12 | D        | Reached skill level 4 in Shields
    95 | D        | Noticed an ogre
    95 | D        | Noticed a phantom
   108 | D        | Killed a phantom
   108 | D        | Reached skill level 6 in Shields
   108 | D        | Reached XP level 2. HP: 31/31 MP: 1/1
   108 | D        | Reached XP level 3. HP: 38/38 MP: 2/2
   108 | D        | Reached XP level 4. HP: 45/45 MP: 3/3
   114 | D        | Killed an ogre
   114 | D        | Reached skill level 8 in Shields
   114 | D        | Reached XP level 5. HP: 52/52 MP: 4/4
   123 | D        | Found a roughly hewn altar of Beogh.
   123 | D        | Found a snail-covered altar of Cheibriados.
   123 | D        | Found a shadowy altar of Dithmenos.
   123 | D        | Found a white marble altar of Elyvilon.
   123 | D        | Found a blossoming altar of Fedhas.
   123 | D        | Found an opulent altar of Gozag.
   124 | D        | Found a hazy altar of Hepliaklqana.
   125 | D        | Found a viscous altar of Jiyva.
   126 | D        | Found an ancient bone altar of Kikubaaqudgha.
   127 | D        | Found a corrupted altar of Lugonu.
   128 | D        | Found a burning altar of Makhleb.
   129 | D        | Found a sparkling altar of Nemelex Xobeh.
   130 | D        | Found an iron altar of Okawaru.
   131 | D        | Found a stormy altar of Qazlal.
   132 | D        | Found a sacrificial altar of Ru.
   133 | D        | Found a shimmering blue altar of Sif Muna.
   134 | D        | Found a bloodstained altar of Trog.
   135 | D        | Found a hide-covered altar of Uskayaw.
   136 | D        | Found a radiant altar of Vehumet.
   137 | D        | Found an ornate altar of the Wu Jian Council.
   138 | D        | Found a shimmering altar of Xom.
   139 | D        | Found a basalt altar of Yredelemnul.
   140 | D        | Found a glowing silver altar of Zin.
   141 | D        | Found a glowing golden altar of the Shining One.
   150 | D        | Became a worshipper of Warmaster Okawaru
   199 | D        | Got the +2 scimitar of Impatience {flame, *Slow MR++ Dex+7}
   211 | D        | Noticed a phantom
   211 | D        | Noticed a centaur
   214 | D        | Reached skill level 5 in Long Blades
   214 | D        | Reached skill level 1 in Dodging
   217 | D        | Killed a centaur
   217 | D        | Reached skill level 9 in Shields
   217 | D        | Reached XP level 6. HP: 48/62 MP: 5/5
   231 | D        | Reached * piety under Okawaru
   231 | D        | Reached skill level 10 in Armour
   231 | D        | Reached skill level 10 in Shields
   355 | D        | Noticed a white ugly thing
   355 | D        | Noticed a wyvern
   355 | D        | Noticed a manticore
   359 | D        | Killed a manticore
   359 | D        | Reached skill level 10 in Fighting
   359 | D        | Reached skill level 11 in Shields
   359 | D        | Reached XP level 7. HP: 59/73 MP: 6/6
   365 | D        | Killed a white ugly thing
   365 | D        | Reached ** piety under Okawaru
   365 | D        | Reached skill level 10 in Long Blades
   365 | D        | Reached XP level 8. HP: 38/82 MP: 7/7
   368 | D        | Reached skill level 12 in Shields
   686 | D        | Noticed a cane toad
   686 | D        | Noticed a five-headed hydra
   691 | D        | Killed a two-headed hydra
   691 | D        | Reached XP level 9. HP: 89/90 MP: 8/8
   692 | D        | Reached *** piety under Okawaru
   693 | D        | Noticed a black mamba
   701 | D        | Killed a cane toad
   701 | D        | Reached skill level 5 in Dodging
   701 | D        | Reached skill level 13 in Shields
   701 | D        | Reached skill level 1 in Evocations
   716 | D        | Reached **** piety under Okawaru
   726 | D        | Killed a black mamba
   728 | D        | Reached skill level 1 in Stealth
   979 | D        | Noticed a komodo dragon
   979 | D        | Noticed a cane toad
   980 | D        | Noticed a rime drake
   987 | D        | Killed a cane toad
   987 | D        | Reached skill level 15 in Long Blades
   987 | D        | Reached XP level 10. HP: 101/101 MP: 9/9
  1009 | D        | Reached ***** piety under Okawaru
  1009 | D        | Reached skill level 14 in Shields
  1181 | D        | Noticed an elephant
  1181 | D        | Noticed an elephant
  1181 | D        | Noticed a dire elephant
  1181 | D        | Noticed an elephant
  1181 | D        | Noticed an elephant
  1181 | D        | Noticed an elephant
  1183 | D        | Noticed an elephant
  1189 | D        | Killed an elephant
  1204 | D        | Killed a dire elephant
  1212 | D        | Killed an elephant
  1218 | D        | Killed an elephant
  1224 | D        | Killed an elephant
  1224 | D        | Reached skill level 15 in Fighting
  1228 | D        | Killed an elephant
  1228 | D        | Reached skill level 15 in Shields
  1234 | D        | Killed an elephant
  1234 | D        | Received a gift from Okawaru
  1234 | D        | Reached XP level 11. HP: 32/112 MP: 10/10
  1262 | D        | Noticed a dire elephant
  1283 | D        | Killed a dire elephant
  1716 | D        | Noticed an orc knight
  1719 | D        | Noticed an ettin
  1727 | D        | Killed an orc knight
  1731 | D        | Killed an ettin
  1732 | D        | Noticed a stone giant
  1746 | D        | Killed a stone giant
  1746 | D        | Reached skill level 16 in Shields
  1944 | D        | Noticed an orc knight
  1944 | D        | Noticed an orc knight
  1945 | D        | Noticed an orc knight
  1954 | D        | Killed an orc knight
  1955 | D        | Noticed an orc knight
  1960 | D        | Noticed an orc knight
  1964 | D        | Killed an orc knight
  1964 | D        | Reached ****** piety under Okawaru
  1967 | D        | Killed an orc knight
  1968 | D        | Reached skill level 1 in Invocations
  2399 | D        | Noticed an orc knight
  2401 | D        | Killed an orc knight
  2406 | D        | Killed an orc knight
  2412 | D        | Killed an orc knight
  2680 | D        | Found Caduav's Antique Armour Boutique.
  2680 | D        | Noticed an orc knight
  2680 | D        | Noticed an orc knight
  2680 | D        | Noticed an orc knight
  2683 | D        | Noticed an orc knight
  2685 | D        | Noticed an orc sorcerer
  2691 | D        | Killed an orc knight
  2691 | D        | Received a gift from Okawaru
  2691 | D        | Reached skill level 17 in Shields
  2696 | D        | Killed an orc knight
  2698 | D        | Killed an orc knight
  2698 | D        | Reached XP level 12. HP: 102/125 MP: 10/12
  2700 | D        | Found Romirum's Distillery.
  2707 | D        | Found Raurgh's Jewellery Boutique.
  2711 | D        | Found Roecwoso's Weapon Shop.
  2736 | D        | Reached skill level 5 in Stealth
  2834 | D        | Bought a pitted plate armour for 756 gold pieces
  2839 | D        | Identified the cursed +0 plate armour "Lutsoet" {-Tele
                  | rPois MP+9 Str+8} (You bought it in a shop in the Dungeon)
  2854 | D        | Bought a potion of berserk rage for 50 gold pieces
  2854 | D        | Bought a potion of heal wounds for 50 gold pieces
  2854 | D        | Bought a potion of heal wounds for 50 gold pieces
  2854 | D        | Bought a potion of heal wounds for 50 gold pieces
  2856 | D        | Bought an uncursed amulet of faith for 400 gold pieces
  2873 | D        | Bought a shiny chain mail for 202 gold pieces
  2903 | D        | Noticed Eustachio
  2910 | D        | Killed Eustachio
  2917 | D        | Noticed Gastronok
  2935 | D        | Killed Gastronok
  2935 | D        | Reached skill level 18 in Shields
  2940 | D        | Noticed Grum
  2950 | D        | Killed Grum
  3107 | D        | Got the +6 long sword of Charity {freeze, rF+ rC++}
  3197 | D        | Noticed an ogre mage
  3205 | D        | Reached skill level 10 in Dodging
  3209 | D        | Killed an ogre mage
  3209 | D        | Received a gift from Okawaru
  3216 | D        | Noticed a deep troll earth mage
  3220 | D        | Noticed a stone giant
  3226 | D        | Noticed a rakshasa
  3230 | D        | Killed a deep troll earth mage
  3234 | D        | Noticed an ogre mage
  3240 | D        | Killed a stone giant
  3252 | D        | Noticed a white very ugly thing
  3253 | D        | Received a gift from Okawaru
  3265 | D        | Killed a cyan very ugly thing
  3265 | D        | Received a gift from Okawaru
  3275 | D        | Killed an ogre mage
  3275 | D        | Reached skill level 19 in Shields
  3277 | D        | Killed a rakshasa
  3277 | D        | Reached XP level 13. HP: 41/136 MP: 14/14
  3309 | D        | Got a polished falchion {god gift}
  3310 | D        | Identified the +6 falchion of Tension {vorpal, Int+2}
                  | (Okawaru gifted it to you in the Dungeon)
  3612 | D        | Noticed Agnes
  3627 | D        | Killed Agnes
  3747 | D        | Noticed a merfolk impaler
  3755 | D        | Noticed a merfolk impaler
  3758 | D        | Killed a merfolk impaler
  3758 | D        | Received a gift from Okawaru
  3758 | D        | Reached skill level 15 in Armour
  3790 | D        | Killed a merfolk impaler
  3790 | D        | Reached skill level 20 in Shields
  4154 | D        | Received a gift from Okawaru
  4162 | D        | Reached skill level 21 in Shields
  4458 | D        | Noticed an emperor scorpion
  4474 | D        | Killed an emperor scorpion
  4595 | D        | Reached skill level 22 in Shields
  4598 | D        | Received a gift from Okawaru
  4893 | D        | Noticed Nergalle
  4904 | D        | Killed Nergalle
  4982 | D        | Noticed a frost giant
  4982 | D        | Noticed a frost giant
  4994 | D        | Killed a frost giant
  4994 | D        | Reached skill level 23 in Shields
  4994 | D        | Reached XP level 14. HP: 114/149 MP: 12/15
  4995 | D        | Noticed a stone giant
  5015 | D        | Noticed a stone giant
  5023 | D        | Killed a frost giant
  5024 | D        | Noticed a tengu reaver
  5029 | D        | Slain by a stone giant

Illustrated notes

Levels and vault maps discovered:
D:        linesprint [early_d, line_temple, items_1, d_10, items_2, lair_1,
          lair_end, items_3, orc_1, orc_end, items_4, d_15, swamp_1, shoals_1,
          snake_1, spider_1, d_20, vaults_1, items_5, swamp_end, shoals_end,
          snake_end, spider_end, vaults_end, d_27, items_6, zot_1, zot_end,
          crypt_end, forest_end, elf_end, slime_end, tomb_end, abyss_end,
          pan_hell_end]

Skill      XL: |  1  2  3  4  5  6  7  8  9 10 11 12 13 |
---------------+----------------------------------------+-----
Fighting       | 6 7 8 10 11 12 13 15 17 18 20 | 20.6
Armour         | 6 8 9 10 11 12 13 14 16 | 16.3
Shields        | 6 8 9 11 12 13 15 17 19 23 | 23.3
Long Blades    | 3 4 6 9 10 12 15 17 18 20 21 | 21.4
Dodging        | 1 3 4 5 7 9 10 11 | 11.2
Evocations     | 1 2 3 |  3.1
Stealth        | 1 3 8 |  8.1
Invocations    | 1 3 |  3.7

Action                   |  1- 3 |  4- 6 |  7- 9 | 10-12 | 13-15 || total
-------------------------+-------+-------+-------+-------+-------++-------
Melee: Long sword        |    30 |     7 |       |    64 |   267 ||   368
       Headbutt          |     6 |     6 |    19 |    92 |    74 ||   197
       Scimitar          |       |    16 |    58 |   215 |       ||   289
Invok: Heroism           |       |       |       |     4 |     2 ||     6
Evoke: Wand              |       |     2 |       |     8 |       ||    10
  Use: Potion            |     1 |       |     1 |     6 |       ||     8
       Scroll            |       |       |       |     2 |       ||     2
 Stab: Invisible         |       |       |       |     8 |       ||     8
Armor: Scale mail        |     5 |     1 |       |       |       ||     6
       Ring mail         |       |     3 |     3 |    13 |       ||    19
       Chain mail        |       |       |       |    14 |    46 ||    60
Dodge: Dodged            |     9 |     9 |    13 |    57 |    44 ||   132
Block: Kite shield       |    12 |     5 |    27 |    87 |       ||   131
       Tower shield      |       |       |       |    65 |   226 ||   291
       Rpst.: Long sword |     3 |       |       |     1 |    11 ||    15
       Scimitar          |       |     3 |     3 |     9 |       ||    15

Table legend: (Time is in decaauts)
 A = Elapsed time spent in this place.
 B = Non-inter-level travel time spent in this place.
 C = Inter-level travel time spent in this place.
 D = Time resting spent in this place.
 E = Time spent auto-exploring this place.
 F = Levels seen in this place.
 G = Mean time per level.
                   A        B        C        D        E       F      G
               +--------+--------+--------+--------+--------+-----+--------+
         Total |   4883 |   4883 |      0 |   2504 |    962 |   1 | 4883.0 |
       Dungeon |   4883 |   4883 |      0 |   2504 |    962 |   1 | 4883.0 |
               +--------+--------+--------+--------+--------+-----+--------+

Top non-repeatable levels by time:
       D: 4883 daAuts
